[Event "CIS Master Groups 2024"]
[Site "Vasto"]
[Date "2024.04.09"]
[Round "2.24"]
[White "Podetti, Davide"]
[Black "Di Paolo, Raffaele"]
[Result "1/2-1/2"]
[ECO "C17"]
[WhiteElo "2280"]
[BlackElo "2290"]
[Annotator "RC"]
[PlyCount "112"]
[EventDate "2024.04.07"]
[EventType "team-tourn"]
[EventCountry "ITA"]
[SourceTitle "playchess.com"]
[Source "ChessBase"]
[SourceQuality "1"]
[TimeControl "40/5400+30:900+30"]

1. e4 e6 2. d4 d5 3. Nc3 Bb4 4. e5 c5 5. Bd2 Ne7 6. Nb5 Bxd2+ 7. Qxd2 O-O 8. f4 Qb6 9. dxc5 Qxc5 10. Nf3 Bd7 11. Nc3 Nbc6 12. Bd3 Nb4 13. Qf2 Qxf2+ 14. Kxf2 f6 15. exf6 gxf6 16. Rhe1 Nec6 17. Kg1 Rac8 18. a3 Nxd3 19. cxd3 Ne7 20. Nd4 Kf7 21. Re2 Rce8 22. Rae1 Nc8 23. Ndb5 a6 24. Nc7 Re7 25. f5 exf5 26. N7xd5 Rxe2 27. Rxe2 Rd8 28. Nf4 Bc6 29. Kf2 Ne7 30. Re3 Ng6 31. Nce2 Ne5 32. Rh3 h6 33. Ke1 Ng4 34. Rh5 Bb5 35. h3 Ne5 36. Rxh6 Nxd3+ 37. Nxd3 Kg7 38. Rh4 Rxd3 39. Nd4 Re3+ 40. Kf2 Re5 41. Nxb5 axb5 42. Rd4 Kg6 43. Rd7 Rc5 44. b4 Rc2+ 45. Kg1 Rc1+ 46. Kh2 Rc3 47. Rxb7 Rxa3 48. Rxb5 f4 49. Kg1 Ra2 50. Kf1 Rb2 51. Rb8 Kf5 52. b5 Rb1+ 53. Kf2 Rb2+ 54. Kf3 Rb3+ 55. Kf2 Rb2+ 56. Kf3 Rb3+ 1/2-1/2

[Event "CIS Master Groups 2024"]
[Site "Vasto"]
[Date "2024.04.09"]
[Round "3.1"]
[White "Livaic, Leon"]
[Black "Predke, Alexandr"]
[Result "1/2-1/2"]
[ECO "D21"]
[WhiteElo "2549"]
[BlackElo "2673"]
[Annotator "TA"]
[PlyCount "42"]
[EventDate "2024.04.07"]
[EventType "team-tourn"]
[EventCountry "ITA"]
[SourceTitle "playchess.com"]
[Source "ChessBase"]
[SourceQuality "1"]
[TimeControl "40/5400+30:900+30"]

1. d4 d5 2. c4 dxc4 3. e3 c5 4. Bxc4 cxd4 5. Nf3 Qc7 6. Bb3 g6 7. exd4 Bg7 {[%emt 0:00:43] Dodges Ne5} 8. Nc3 {[%emt 0:00:45] Nd5 is the strong threat. White is slightly better.} Nf6 9. O-O O-O 10. Re1 Nc6 11. Bg5 Bg4 {[%emt 0:08:44] The position is equal.} 12. d5 Rad8 13. h3 Bxf3 14. Qxf3 Nd4 15. Qd1 Nxb3 16. Qxb3 Rd7 17. Re2 Qa5 18. Rae1 Nxd5 19. Nxd5 Qxd5 20. Qxd5 Rxd5 21. Bxe7 Rc8 {[%emt 0:06:14] Weighted Error Value: White=0.06 (flawless) /Black=0.02 (flawless) .  OK:         	White=6     	Black=11} 1/2-1/2

[Event "CIS Master Groups 2024"]
[Site "Vasto"]
[Date "2024.04.09"]
[Round "3.2"]
[White "Brunello, Sabino"]
[Black "Casadio, Niccolo`"]
[Result "1-0"]
[ECO "E90"]
[WhiteElo "2515"]
[BlackElo "2309"]
[Annotator "TA"]
[PlyCount "63"]
[EventDate "2024.04.07"]
[EventType "team-tourn"]
[EventCountry "ITA"]
[SourceTitle "playchess.com"]
[Source "ChessBase"]
[SourceQuality "1"]
[TimeControl "40/5400+30:900+30"]

1. c4 Nf6 2. Nc3 g6 3. d4 Bg7 4. e4 d6 5. Nf3 O-O 6. Bd3 e5 7. d5 Na6 8. h3 Nd7 9. a3 f5 10. b4 c5 {[%emt 0:00:50] White is slightly better.} 11. dxc6 bxc6 12. Bb1 Nf6 13. Ra2 Qe7 14. Re2 Nc7 15. exf5 gxf5 (15... Bxf5 $11 16. Ba2 Kh8) 16. Nd4 $16 {[%emt 0:01:42] White is more active.} Qf7 17. Nxc6 Be6 $2 {[%emt 0:01:34] [#] This costs Black the game.} (17... Kh8 $14 18. O-O (18. Qxd6 Qxc4 19. Bb2 Nfe8 $14) 18... Qxc4) 18. Qxd6 $18 Nfe8 19. Qc5 e4 20. Nd5 {[%emt 0:01:08][%cal Oc6e5] Black must now prevent Ne5!} Kh8 21. Ba2 (21. Nxa7 Na6 (21... Nxd5 22. cxd5 Bxd5 23. Nc6 $14) 22. Qc6 Bxd5 (22... Rxa7 23. O-O $17) 23. cxd5 Qxa7 $17) 21... Bxd5 22. cxd5 Qg6 23. g3 ({Not} 23. Nxa7 Na6 (23... Qxg2 24. Rf1 $14) 24. Qe3 Qxg2 $17) 23... Na6 24. Qc2 Qh5 25. Bf4 {[%emt 0:00:29] [#] aiming for Qc4.} Qf3 26. O-O {[%emt 0:00:35] White is clearly winning.} Qxa3 27. Rb1 Rc8 28. Re3 Nxb4 29. Nxb4 Qxb4 30. Qxc8 Qd2 31. Ra3 Qe2 32. Qc4 {[%emt 0:00:25] Weighted Error Value: White=0.10 (very precise) /Black=0.55.  Loses game:     	---       	Black=1      Mistake:       	---       	Black=1      Inaccurate:     	White=3     	Black=5      OK:         	White=8     	Black=3      Best:        	White=2     	---} 1-0

[Event "CIS Master Groups 2024"]
[Site "Vasto"]
[Date "2024.04.09"]
[Round "3.3"]
[White "Sorbera, Giovanni"]
[Black "Dvirnyy, Danyyil"]
[Result "0-1"]
[ECO "B20"]
[WhiteElo "2148"]
[BlackElo "2480"]
[Annotator "TA"]
[PlyCount "86"]
[EventDate "2024.04.07"]
[EventType "team-tourn"]
[EventCountry "ITA"]
[SourceTitle "playchess.com"]
[Source "ChessBase"]
[SourceQuality "1"]
[TimeControl "40/5400+30:900+30"]

1. e4 c5 2. b4 cxb4 3. a3 b3 4. cxb3 d5 5. exd5 Nf6 6. Nc3 g6 7. Bc4 Bg7 8. Qf3 (8. a4 $11) 8... O-O 9. Nge2 Bg4 10. Qg3 Bxe2 11. Kxe2 Nbd7 12. Rb1 Rc8 13. Re1 Nb6 {[%emt 0:03:17][%csl LRc4,LRd5] Excellent horsemanship.} 14. Kf1 Nfxd5 15. Nxd5 Nxd5 16. a4 Nb4 17. Ba3 Nc6 18. d3 (18. d4 $11) 18... Re8 $15 19. h4 e6 20. h5 {[%emt 0:01:29] White is now going downhill.} Nd4 $17 ({Inferior is} 20... gxh5 21. Bb2 Nd4 22. Re5 $14) 21. hxg6 (21. h6 $17 {is a better defense.} Bxh6 22. Re4) 21... hxg6 $19 22. Re4 {[%emt 0:00:42] [#]} (22. Bb2 $142) 22... a6 $1 23. Bb2 Nf5 24. Qf4 (24. Qh3 Bxb2 25. Rxb2) 24... Bxb2 $2 (24... Rxc4 25. dxc4 Qd3+ 26. Re2 Qxb1+ 27. Qc1 Qd3) 25. Rxb2 {[%emt 0:01:26] [#]} Nd6 $1 26. Rd4 e5 27. Rxd6 exf4 28. Rxd8 Rcxd8 {[%emt 0:01:08][%mdl 4096] Endgame. KRR-KRB} 29. a5 Kg7 30. f3 Re5 31. Ra2 (31. b4 {was the only defense.}) 31... g5 32. Kf2 f5 33. Ra4 Rd7 34. Kf1 Kf6 {[%emt 0:00:39] ...g4 is the strong threat.} 35. Kf2 g4 36. fxg4 fxg4 {[%emt 0:00:05] ( -> ...g3+)} 37. Bg8 g3+ 38. Kf1 Rxd3 39. Ra1 Rd2 40. Bc4 {[%emt 0:00:09] [#]} f3 $1 41. gxf3 (41. Be2 Rdxe2) 41... g2+ 42. Kg1 Rh5 43. b4 Rh1# {[%emt 0:26:26] Weighted Error Value: White=0.63/Black=0.16 (very precise) .  Mistake:       	White=7     	Black=1      Inaccurate:     	White=2     	Black=1      OK:         	White=6     	Black=12     Best:        	White=1     	Black=4      Strong:       	---       	Black=1} 0-1

[Event "CIS Master Groups 2024"]
[Site "Vasto"]
[Date "2024.04.09"]
[Round "3.4"]
[White "Gilevych, Artem"]
[Black "Belli, Giorgio"]
[Result "1-0"]
[ECO "B55"]
[WhiteElo "2417"]
[BlackElo "2109"]
[Annotator "TA"]
[PlyCount "73"]
[EventDate "2024.04.07"]
[EventType "team-tourn"]
[EventCountry "ITA"]
[SourceTitle "playchess.com"]
[Source "ChessBase"]
[SourceQuality "1"]
[TimeControl "40/5400+30:900+30"]

1. e4 c5 2. Nf3 d6 3. d4 cxd4 4. Nxd4 Nf6 5. f3 e5 6. Nb3 Be6 7. c4 Nbd7 8. Be3 Rc8 9. Nc3 (9. Bxa7 b6 10. Nc3 Rc7 $19) 9... Bxc4 10. Bxc4 {[%emt 0:00:53] The position is equal.} (10. Bxa7 Bxf1 11. Rxf1 b6 $17) 10... Rxc4 11. Qd3 ({But not} 11. Bxa7 b6 12. Rc1 Be7 $15) 11... Rc6 12. g4 {[%emt 0:04:55][%cal Bg2g4,Bg4g5][%mdl 1056] White has compensation.} Be7 13. O-O-O a6 14. Kb1 O-O 15. h4 Re8 16. Qd2 (16. g5 $5 Nh5 $8 17. Nd5 $14) 16... Nf8 (16... Nc5 $11 {keeps the balance.}) 17. g5 $16 Nh5 18. Nd5 {[%emt 0:00:20] [#] aiming for Na5.} Ne6 19. Na5 {[%emt 0:02:12] White has more active pieces.} Rc8 {[%emt 0:01:16] A mistake that costs the game.} (19... Bf8 $16 20. Nxc6 bxc6) 20. Nxb7 $18 Qd7 21. Nxe7+ Qxe7 22. Nxd6 Rcd8 23. Qd5 Nd4 24. Bxd4 Rxd6 {[%emt 0:01:08] [#]} 25. Bc5 $1 Rxd5 26. Bxe7 Rxd1+ 27. Rxd1 {[%emt 0:00:03][%mdl 4096] Endgame. KRB-KRN} f5 (27... h6 $16) 28. gxf6 gxf6 29. Rd7 Kf7 30. Bd6+ Kg6 31. Ra7 Re6 $2 (31... f5 {keeps fighting.} 32. Rxa6 (32. exf5+ Kxf5 33. Rxa6 Kf4 $18) 32... fxe4 33. fxe4 (33. Bxe5+ Kf7 $16) 33... Nf6) 32. Rxa6 f5 33. Rb6 fxe4 34. fxe4 Nf6 35. Bc5 Rxb6 (35... Kf7 36. Rb4 Ra6) 36. Bxb6 Nxe4 37. a4 {[%emt 0:01:27] Weighted Error Value: White=0.09 (flawless) /Black=0.31.  Loses game:     	---       	Black=1      Mistake:       	---       	Black=4      Inaccurate:     	White=2     	Black=1      OK:         	White=12    	Black=13     Best:        	White=7     	Black=2      Strong:       	White=1     	---} 1-0

[Event "CIS Master Groups 2024"]
[Site "Vasto"]
[Date "2024.04.09"]
[Round "3.5"]
[White "Moroni, Luca Jr"]
[Black "Jianu, Vlad-Cristian"]
[Result "1-0"]
[ECO "D37"]
[WhiteElo "2580"]
[BlackElo "2491"]
[Annotator "TA"]
[PlyCount "101"]
[EventDate "2024.04.07"]
[EventType "team-tourn"]
[EventCountry "ITA"]
[SourceTitle "playchess.com"]
[Source "ChessBase"]
[SourceQuality "1"]
[TimeControl "40/5400+30:900+30"]

1. c4 e6 2. Nc3 d5 3. d4 a6 4. cxd5 exd5 5. Nf3 Nf6 6. Bg5 Be6 7. e3 Nbd7 8. h3 {[%emt 0:00:22] White is slightly better.} Bd6 9. Bd3 c6 10. Bf4 Qc7 11. Qd2 O-O 12. O-O Rfe8 13. Rfc1 Nb6 14. Ne2 Rad8 15. a4 Qe7 16. Bxd6 Qxd6 17. Nf4 Bc8 18. Ne5 Nbd7 19. Nxd7 Bxd7 20. b4 Ra8 21. Ra2 Rec8 22. Ne2 g6 23. Rb1 Kg7 24. Nc1 Qe7 25. Nb3 Ne8 26. Nc5 Nd6 27. Qb2 Be8 28. Raa1 Rc7 29. Re1 Kg8 30. f3 Bd7 31. e4 {[%emt 0:01:00] White leaves nothing to chance now.} dxe4 32. fxe4 Rd8 33. e5 {[%emt 0:02:57] White is more active.} Nf5 {[%emt 0:00:27] [#]} (33... Ne8 $16) 34. Ne4 $1 $18 Be6 35. Nf6+ Kg7 36. Bxf5 Bxf5 {[%emt 0:00:02] Black is weak on the dark squares} 37. Rf1 {[%emt 0:03:04][%cal Of1f5,Be1f1,Bf1f4,Bf4h4][%mdl 32] Strongly threatening Rxf5!} Be6 38. Rf4 a5 (38... b6 $16 {was called for.} 39. Qd2 h6) 39. bxa5 Bd5 40. Rh4 h6 41. Qd2 Rh8 42. Rc1 Rcc8 43. Rc5 Rcd8 44. Qf2 Bb3 45. Rf4 Rhf8 (45... Be6 {was worth a try.} 46. Rf3 Ra8) 46. Qe3 {[%emt 0:00:00] [#] aiming for Rh4.} Be6 47. h4 Ra8 48. h5 Ra6 (48... g5 {keeps fighting.} 49. Rf1 g4) 49. Qc3 Rfa8 $2 (49... g5 50. Rf2 Qd8) 50. hxg6 fxg6 51. d5 {[%emt 0:00:10] Weighted Error Value: White=0.14 (very precise) /Black=0.23 (precise) .  Mistake:       	---       	Black=5      Inaccurate:     	White=1     	Black=3      OK:         	White=21    	Black=14     Best:        	White=3     	---        Strong:       	White=1     	---} 1-0

[Event "CIS Master Groups 2024"]
[Site "Vasto"]
[Date "2024.04.09"]
[Round "3.6"]
[White "Yao, Stefano"]
[Black "Pelletier, Yannick"]
[Result "0-1"]
[ECO "E43"]
[WhiteElo "2289"]
[BlackElo "2524"]
[Annotator "TA"]
[PlyCount "104"]
[EventDate "2024.04.07"]
[EventType "team-tourn"]
[EventCountry "ITA"]
[SourceTitle "playchess.com"]
[Source "ChessBase"]
[SourceQuality "1"]
[TimeControl "40/5400+30:900+30"]

1. d4 Nf6 2. c4 e6 3. Nc3 Bb4 4. e3 O-O 5. Nf3 b6 6. Bd2 Bb7 7. Bd3 c5 8. O-O d6 9. a3 Bxc3 10. Bxc3 Ne4 11. Be1 Nd7 12. Kh1 a5 13. b3 {[%emt 0:06:45] The position is equal.} Qe7 14. Ng1 Nef6 15. Ne2 Rfd8 16. f3 d5 17. Bh4 cxd4 18. exd4 Rdc8 19. Nc3 Ba6 20. Nb5 ({Better is} 20. Qe2 $14) 20... dxc4 $1 $11 21. bxc4 Bxb5 22. cxb5 Rc3 23. Be4 Rd8 24. a4 Nf8 25. Qe1 Rc7 26. Bc6 Ng6 $1 27. Bg3 Rcc8 28. Qe2 Nd5 29. Rfc1 Qg5 30. Bf2 h5 31. g3 h4 32. Qe4 ({White should play} 32. Rc4 $15) 32... h3 $17 33. Rc4 Nge7 34. Rac1 Nxc6 35. bxc6 Qd2 36. R4c2 (36. Kg1 $17 {was called for.}) 36... Qb4 $19 37. Rc4 {[%emt 0:00:12] [#]} Qd2 (37... Qb3 $1 $19 {And now ...Nb4 would win.} 38. g4 Nb4) 38. R4c2 $15 Qb4 (38... Qh6 $15) 39. Rc4 $1 $19 Qb3 40. Kg1 {[%emt 0:02:23] [#]} Nb4 $1 41. Be1 Qb2 42. Bf2 Qa2 {[%emt 0:01:34] Black is more active.} 43. Qb1 (43. f4 $142) 43... Qa3 44. R1c3 Qxa4 45. c7 Rd7 {[%emt 0:03:06] ...b5 would now be deadly.} 46. Qf1 (46. Rc1 {was forced.}) 46... b5 47. Rc5 Nd5 {[%emt 0:00:12] Black is clearly winning.} 48. Rc1 Rdxc7 (48... Rcxc7 49. Ra1 Qb3 50. Rxb5 Qxf3 51. Qxh3 $11) 49. Qxh3 Qb3 50. Qh4 Rxc5 ({And not} 50... Qxf3 51. Rxc7 Nxc7 52. Rxc7 Rxc7 (52... Qd1+ 53. Kg2 $11) 53. Qd8+ Kh7 54. Qxc7 $11) 51. Rxc5 Ra8 52. Qe4 a4 {[%emt 0:00:07] Weighted Error Value: White=0.37/Black=0.14 (very precise) .  Mistake:       	White=5     	Black=2      Inaccurate:     	White=4     	Black=1      OK:         	White=15    	Black=18     Best:        	White=1     	Black=3      Strong:       	White=1     	Black=2} 0-1

[Event "CIS Master Groups 2024"]
[Site "Vasto"]
[Date "2024.04.09"]
[Round "3.7"]
[White "Borgo, Giulio"]
[Black "Pitica, Silviu Valentin"]
[Result "1-0"]
[ECO "C77"]
[WhiteElo "2309"]
[BlackElo "2228"]
[Annotator "RC"]
[PlyCount "257"]
[EventDate "2024.04.07"]
[EventType "team-tourn"]
[EventCountry "ITA"]
[SourceTitle "playchess.com"]
[Source "ChessBase"]
[SourceQuality "1"]
[TimeControl "40/5400+30:900+30"]

1. e4 e5 2. Nf3 Nc6 3. Bb5 a6 4. Ba4 Nf6 5. Nc3 b5 6. Bb3 Be7 7. d3 O-O 8. a4 Rb8 9. axb5 axb5 10. Bg5 d6 11. Bxf6 Bxf6 12. Nd5 Be6 13. c3 Bxd5 14. Bxd5 Ne7 15. Ba2 b4 16. O-O bxc3 17. bxc3 Qd7 18. g3 Qc6 19. Qe2 Rb6 20. Rfb1 Rfb8 21. Rxb6 Qxb6 22. Bc4 g6 23. Qa2 Rf8 24. h4 h6 25. Kg2 Qc6 26. Qb3 Nc8 27. Qb5 Qxb5 28. Bxb5 Kg7 29. Nd2 Nb6 30. Bc6 Bd8 31. Nf3 f5 32. Ra2 Rf7 33. Ra1 Rf6 34. Nd2 Rf7 35. Nb3 Bf6 36. Ra7 Bd8 37. Na5 Bf6 38. Rb7 Bd8 39. c4 Bf6 40. Bd5 Nxd5 41. cxd5 h5 42. Nc6 Kh6 43. Na7 g5 44. Nb5 Rg7 45. hxg5+ Kxg5 46. Nxc7 Kh6 47. Ra7 f4 48. Nb5 Rxa7 49. Nxa7 fxg3 50. fxg3 Be7 51. Nc8 Bf8 52. Nb6 Kg5 53. Kh3 Kg6 54. Nc4 Kg5 55. Ne3 Kg6 56. Nf5 Kg5 57. Kh2 Kg6 58. Kg1 Kf6 59. Kf2 Kg6 60. Ke2 Kf6 61. Kf3 Kg5 62. Ne3 Be7 63. Kg2 Kg6 64. Kh3 Kg5 65. Nf5 Bf8 66. Nh4 Be7 67. Nf3+ Kg6 68. g4 Kh6 69. Nh4 Kg5 70. gxh5 Kxh5 71. Nf5 Bf8 72. Kg3 Kg5 73. Kf3 Kh5 74. Ke3 Kg4 75. Kd2 Kf3 76. Nh4+ Kg4 77. Ng6 Bh6+ 78. Kc3 Kg5 79. Ne7 Bf8 80. Nc6 Kf4 81. Nd8 Ke3 82. Ne6 Be7 83. Kc4 Bf6 84. Nc7 Bd8 85. Na6 Be7 86. Nb4 Bf8 87. Nc2+ Kd2 88. Na3 Ke3 89. Kc3 Be7 90. Nc4+ Kf4 91. Kb4 Kf3 92. Nb2 Ke3 93. Kc4 Bf8 94. Nd1+ Ke2 95. Nc3+ Ke3 96. Na4 Be7 97. Nb6 Bf8 98. Kc3 Be7 99. Nc4+ Ke2 100. d4 exd4+ 101. Kxd4 Bf6+ 102. e5 dxe5+ 103. Nxe5 Kd2 104. d6 Kc2 105. Kd5 Bd8 106. Nc6 Bb6 107. Kc4 Kd2 108. Nb4 Bd8 109. Nc6 Bb6 110. Kd5 Ke3 111. Ne5 Kf4 112. Nc4 Bd8 113. Ke6 Ke4 114. Ne5 Bb6 115. Nd7 Bd8 116. Nb8 Bb6 117. Nc6 Kf4 118. Ne7 Kg5 119. Nd5 Ba5 120. Nc7 Kg6 121. Nd5 Kg7 122. Ke7 Kg8 123. Ke8 Kg7 124. Kd7 Kf8 125. Kc8 Bd2 126. Nf6 Ba5 127. d7 Ke7 128. Ne8 Bb6 129. Nc7 1-0

[Event "CIS Master Groups 2024"]
[Site "Vasto"]
[Date "2024.04.09"]
[Round "3.8"]
[White "Tripodi, Enzo"]
[Black "Podetti, Davide"]
[Result "0-1"]
[ECO "C78"]
[WhiteElo "2152"]
[BlackElo "2280"]
[Annotator "RC"]
[PlyCount "116"]
[EventDate "2024.04.07"]
[EventType "team-tourn"]
[EventCountry "ITA"]
[SourceTitle "playchess.com"]
[Source "ChessBase"]
[SourceQuality "1"]
[TimeControl "40/5400+30:900+30"]

1. e4 e5 2. Nf3 Nc6 3. Bb5 a6 4. Ba4 Nf6 5. O-O b5 6. Bb3 Bc5 7. c3 d6 8. d4 Bb6 9. Be3 O-O 10. Nbd2 h6 11. h3 Re8 12. Re1 Rb8 13. Bc2 Bb7 14. a3 Na7 15. dxe5 Bxe3 16. Rxe3 dxe5 17. b4 Nc8 18. c4 Na7 19. Qf1 Nc6 20. Nb3 Nd4 21. Nfxd4 exd4 22. Rd3 Nxe4 23. Rxd4 Qg5 24. cxb5 axb5 25. Re1 Nd6 26. Rg4 Rxe1 27. Qxe1 Qf6 28. Rg3 Nc4 29. Nc5 Bc6 30. Qc3 Qxc3 31. Rxc3 Bd5 32. Na6 Rb7 33. a4 bxa4 34. Bxa4 Nb2 35. Bc2 Bc4 36. Re3 g6 37. Nc5 Rxb4 38. Nd7 c6 39. Nf6+ Kg7 40. Ne8+ Kf8 41. Nd6 Bd5 42. Re8+ Kg7 43. Rc8 Kf6 44. Rc7 Ke6 45. Nxf7 Nc4 46. Bxg6 Kf6 47. Bh5 Nd2 48. f4 Rb1+ 49. Kf2 Ne4+ 50. Ke3 Ng3 51. Nxh6 Rb3+ 52. Kd4 Nxh5 53. Ng4+ Ke6 54. f5+ Kd6 55. Rxc6+ Bxc6 56. Ne3 Bb5 57. g4 Nf6 58. g5 Rd3# 0-1

[Event "CIS Master Groups 2024"]
[Site "Vasto"]
[Date "2024.04.09"]
[Round "3.9"]
[White "Lodici, Lorenzo"]
[Black "Ivanisevic, Ivan"]
[Result "1/2-1/2"]
[ECO "C27"]
[WhiteElo "2565"]
[BlackElo "2518"]
[Annotator "TA"]
[PlyCount "89"]
[EventDate "2024.04.07"]
[EventType "team-tourn"]
[EventCountry "ITA"]
[SourceTitle "playchess.com"]
[Source "ChessBase"]
[SourceQuality "1"]
[TimeControl "40/5400+30:900+30"]

1. e4 e5 2. Bc4 Nf6 3. d3 Bc5 4. Nc3 O-O 5. Nf3 c6 6. Bb3 (6. Nxe5 $14 {is superior.} d6 7. Nf3) 6... d6 $11 7. Ne2 Be6 8. Bxe6 fxe6 9. Ng3 Nbd7 10. c3 b5 11. O-O Bb6 12. d4 exd4 13. Nxd4 Qe8 14. Nxc6 Nc5 15. Nd4 (15. Qxd6 $2 Nfxe4 16. Ne7+ (16. Nxe4 $2 Nxe4 17. Qe7 Qxc6 $19) 16... Kh8 $19) 15... Ncxe4 16. Nxe4 Nxe4 17. Be3 d5 18. Qg4 Rf6 19. Rae1 Qf7 20. f3 (20. Qe2 $142) 20... Nd6 21. Nc6 Qc7 22. Bxb6 Qxb6+ 23. Nd4 Re8 {[%emt 0:00:18] [#] Hoping for ...e5.} 24. Kh1 e5 $36 {[%emt 0:04:14][%mdl 2048] Black is pushing.} 25. Nc2 Nc4 26. Re2 Rg6 (26... e4 $5) 27. Qf5 Qc5 28. Qd7 Rf8 29. Nb4 Nb6 30. Qh3 (30. Qxa7 $11 e4 31. Ree1) 30... d4 (30... Qc4 $17 31. Rfe1 e4 (31... a5 32. Nc2 $17)) 31. Rfe1 dxc3 32. Nd3 Qd6 33. Nxe5 Re6 34. bxc3 Nc4 35. Qg3 Rfe8 36. f4 Qd5 37. h3 Nxe5 (37... a6 {feels hotter.} 38. Kh2 h6 39. a3 Qc5) 38. Rxe5 (38. f5 $14 Rf6 (38... R6e7 $2 39. f6 $18) 39. Rxe5 Rxe5 40. Rxe5) 38... Rxe5 {[%emt 0:00:46] The position is equal.} 39. fxe5 Qxa2 {[%emt 0:03:00][%mdl 4096] Endgame. KQR-KQR} 40. Qd3 Qc4 41. Qd7 Rxe5 42. Qd8+ (42. Rxe5 $5 Qf1+ $8 (42... Qxc3 43. Re8#) 43. Kh2 Qf4+ 44. Kh1 Qf1+ (44... Qxe5 45. Qc8+ Kf7 46. Qd7+ Kf6 47. Qxa7 $11) 45. Kh2 Qf4+ 46. Kg1 Qxe5 47. Qxa7 $11) 42... Kf7 43. Qd7+ (43. Rxe5 $5 Qf1+ $8 (43... Qxc3 44. Qe8+ Kf6 45. Qe6#) 44. Kh2 Qf4+ 45. Kh1 Qc1+ (45... Qxe5 46. Qd7+ Kf6 47. Qxa7 $11) 46. Kh2 Qf4+ (46... Qxc3 47. Qe8+ Kf6 48. Qe6#) 47. Kh1 Qxe5 48. Qd7+ Kf6 49. Qxa7 $11) 43... Kg8 44. Qd8+ (44. Rxe5 $5 Qf1+ $8 (44... Qxc3 45. Re8#) 45. Kh2 Qf4+ 46. Kh1 Qf1+ (46... Qxe5 47. Qxa7 Qe1+ 48. Kh2 $11) 47. Kh2 Qf4+ 48. Kh1 Qf1+ $11 (48... Qxe5 49. Qxa7 Qe1+ 50. Kh2 $11)) 44... Kf7 45. Qd7+ {[%emt 0:01:17] Weighted Error Value: White=0.11 (very precise) /Black=0.12 (very precise) .  Mistake:       	White=3     	Black=1      Inaccurate:     	White=3     	Black=5      OK:         	White=18    	Black=13     Best:        	White=1     	Black=2} (45. Rxe5 $5 Qf1+ $8 (45... Qxc3 46. Qe8+ Kf6 47. Qe6#) 46. Kh2 Qf4+ 47. Kh1 Qxe5 48. Qd7+ Kf6 49. Qxa7 $11) 1/2-1/2

[Event "CIS Master Groups 2024"]
[Site "Vasto"]
[Date "2024.04.09"]
[Round "3.10"]
[White "Seresin, Francesco"]
[Black "Barp, Alberto"]
[Result "1/2-1/2"]
[ECO "E48"]
[WhiteElo "2336"]
[BlackElo "2470"]
[Annotator "TA"]
[PlyCount "82"]
[EventDate "2024.04.07"]
[EventType "team-tourn"]
[EventCountry "ITA"]
[SourceTitle "playchess.com"]
[Source "ChessBase"]
[SourceQuality "1"]
[TimeControl "40/5400+30:900+30"]

1. d4 Nf6 2. c4 e6 3. Nc3 Bb4 4. e3 O-O 5. Bd3 d5 6. cxd5 exd5 7. Nge2 Re8 8. Bd2 Bf8 9. O-O a5 10. Rc1 Na6 11. f3 Nb4 12. Bb1 c5 $1 13. dxc5 Bxc5 14. Nd4 Nc6 15. Nce2 Qb6 16. Qc2 Bxd4 17. Nxd4 Nxd4 18. exd4 Qxd4+ 19. Kh1 {[%emt 0:00:18] [#]} Bf5 $1 20. Qc3 {[%emt 0:04:24] White is weak on the light squares} Qxc3 21. Bxc3 Bxb1 22. Rxb1 Red8 23. Rbd1 Ne8 24. Rd2 f6 25. Rfd1 Nc7 26. Kg1 Kf7 27. Bd4 {[%emt 0:02:53] The position is equal.} Ra6 28. Bf2 Rc6 29. Bg3 Ke6 30. Re1+ Kf7 31. Red1 b6 32. h4 Ke6 33. Re1+ Kf7 34. Red1 Re8 35. Bxc7 Rxc7 36. Rxd5 $11 {[%emt 0:00:10][%mdl 4096] Endgame. KRR-KRR} Re2 {[%emt 0:00:16][%cal Oc7c2] [#] And now ...Rcc2! would win.} 37. R1d2 Rc1+ 38. Kh2 Rxd2 39. Rxd2 Ke6 40. Kg3 Rc4 41. b3 Ke5 $2 {[%emt 0:16:49][%mdl 40960] Weighted Error Value: White=0.04 (flawless) /Black=0.05 (flawless) .  Loses game:     	---       	Black=1      Inaccurate:     	White=1     	Black=1      OK:         	White=16    	Black=9      Best:        	White=3     	---        Strong:       	---       	Black=1     . An unexpected result.} 1/2-1/2

[Event "CIS Master Groups 2024"]
[Site "Vasto"]
[Date "2024.04.09"]
[Round "3.11"]
[White "Cappelletto, Joshuaede"]
[Black "Boraso, Alessio"]
[Result "1-0"]
[ECO "C13"]
[WhiteElo "2306"]
[BlackElo "2291"]
[Annotator "RC"]
[PlyCount "55"]
[EventDate "2024.04.07"]
[EventType "team-tourn"]
[EventCountry "ITA"]
[SourceTitle "playchess.com"]
[Source "ChessBase"]
[SourceQuality "1"]
[TimeControl "40/5400+30:900+30"]

1. e4 e6 2. d4 d5 3. Nc3 Nf6 4. Bg5 dxe4 5. Nxe4 Be7 6. Bxf6 gxf6 7. Nf3 f5 8. Nc3 a6 9. g3 b5 10. Bg2 Bb7 11. Qe2 O-O 12. Rd1 b4 13. Na4 Nd7 14. c4 bxc3 15. bxc3 Nb6 16. Nxb6 cxb6 17. O-O b5 18. d5 Bxd5 19. Ne5 Bf6 20. Bxd5 exd5 21. Nd3 Ra7 22. Nf4 Rd7 23. Qd3 d4 24. Qxf5 Re8 25. cxd4 Bxd4 26. Rd3 Rd6 27. Rfd1 Re7 28. Qg4+ 1-0

[Event "CIS Master Groups 2024"]
[Site "Vasto"]
[Date "2024.04.09"]
[Round "3.12"]
[White "Lanzani, Mario Lorenzo"]
[Black "Gueci, Tea"]
[Result "1/2-1/2"]
[ECO "A13"]
[WhiteElo "2259"]
[BlackElo "2205"]
[Annotator "RC"]
[PlyCount "55"]
[EventDate "2024.04.07"]
[EventType "team-tourn"]
[EventCountry "ITA"]
[SourceTitle "playchess.com"]
[Source "ChessBase"]
[SourceQuality "1"]
[TimeControl "40/5400+30:900+30"]

1. Nf3 d5 2. c4 e6 3. g3 dxc4 4. Qa4+ Bd7 5. Qxc4 c5 6. Bg2 Bc6 7. O-O Nd7 8. Qc2 Ngf6 9. b3 Be7 10. Bb2 O-O 11. d3 b5 12. Nbd2 Qb6 13. e4 Rfd8 14. Rac1 Rac8 15. Qb1 Qb7 16. Rfe1 Nb6 17. Ne5 Be8 18. Qa1 Bf8 19. Rcd1 Nfd7 20. Nef3 Nb8 21. d4 cxd4 22. Nxd4 e5 23. N4f3 f6 24. Nf1 Bb4 25. Rxd8 Rxd8 26. Rd1 Rxd1 27. Qxd1 Qd7 28. Qxd7 1/2-1/2